 Dungeon Crawl Stone Soup version 0.32-a0-12-g7fc57aa741 (webtiles) character file.

Game seed: 10085947600644714715

6644 oldriver the Thaumaturge (level 10, -16/102 (118) HPs)
             Began as a Demonspawn Fire Elementalist on Jan 15, 2024.
             Was an Initiate of Gozag.
             Killed from afar by a laughing skull (31 damage)
             ... with a bolt of negative energy
             ... on level 2 of the Abyss.
             The game lasted 00:21:28 (13232 turns).

oldriver the Thaumaturge (DsFE)                    Turns: 13232, Time: 00:21:29

HP:   -16/102 (118) AC:  9    Str:  8    XL:     10   Next: 72%
MP:   23/23         EV: 13    Int: 20    God:    Gozag
Gold: 595           SH:  4    Dex: 14    Spells: 21/28 levels left

rFire   . . .        x - +6 whip (venom)
rCold   . . .        (no shield)
rNeg    . . .        w - +0 acid dragon scales
rPois   .            A - +2 helmet of the Curupira {rElec Regen+ Slay-6}
rElec   +            (no cloak)
rCorr   +            (no gloves)
SInv    .            (no boots)
Will    +....        (no amulet) Stlth
                     l - ring of resist corrosion
HPRegen 1.17/turn    y - ring of willpower
MPRegen 0.18/turn

%: no passive effects
@: berserking, heavily drained, very quick
A: powered by death 2, sturdy frame 2, condensation shield, demonic touch 2
a: Renounce Religion, Potion Petition, Call Merchant, Bribe Branch


You were on level 2 of the Abyss.
You worshipped Gozag.
Gozag was pleased with you.
You visited 2 branches of the dungeon, and saw 10 of its levels.
You visited the Abyss 1 time.

You collected 767 gold pieces.
You paid 172 gold pieces to Gozag.

Inventory:

Hand Weapons
 x - a +6 whip of venom (weapon)
Missiles
 i - 3 throwing nets
Armour
 u - the +2 leather armour "Fionk" {SInv}
   (You found it on level 3 of the Dungeon)

   SInv:      It lets you see invisible.
 w - +0 acid dragon scales (worn)
 A - the +2 helmet of the Curupira (worn) {rElec Regen+ Slay-6}
   (You found it on level 7 of the Dungeon)

   Slay-6:    It affects your accuracy & damage with ranged weapons and melee
   (-6).
   rElec:     It insulates you from electricity.
   Regen+:    It increases your rate of health regeneration.
Jewellery
 l - a ring of resist corrosion (left hand)
 y - a ring of willpower (right hand)
Wands
 b - a wand of paralysis (20)
Scrolls
 g - 2 scrolls of fog
 n - 3 scrolls of amnesia
 s - a scroll of poison
 B - a scroll of noise {unknown}
Potions
 a - a potion of degeneration {unknown}
 c - 4 potions of brilliance
 d - 2 potions of curing
 j - 2 potions of attraction
 m - a potion of magic
 q - 3 potions of haste
 t - 3 potions of mutation {unknown}
 v - 2 potions of ambrosia {unknown}
 z - a potion of heal wounds {unknown}


   Skills:
 + Level 7.1 Fighting
 - Level 3.0 Dodging
 - Level 3.0 Stealth
 * Level 9.7 Spellcasting
 + Level 7.0 Conjurations
 + Level 6.9 Fire Magic


You had 21 spell levels left.
You knew the following spells:

 Your Spells              Type           Power      Damage    Failure   Level
a - Foxfire               Conj/Fire      100%       2x1d9     1%          1
b - Scorch                Fire           74%        2d8       1%          2
c - Flame Wave            Conj/Fire      37%        2d10      4%          4

Your spell library contained the following spells:

 Spells                   Type           Power      Damage    Failure   Level
 Momentum Strike          Conj/Tloc      46%        3d9       2%          2
 Inner Flame              Hex/Fire       23%        N/A       4%          3
 Volatile Blastmotes      Fire/Tloc      46%        2d13      4%          3
 Blink                    Tloc           18%        N/A       11%         2
 Lesser Beckoning         Tloc           18%        N/A       11%         2
 Sublimation of Blood     Necr           9%         N/A       11%         2
 Ozocubu's Armour         Ice            9%         N/A       22%         3
 Teleport Other           Tloc           9%         N/A       22%         3
 Anguish                  Hex/Necr       4%         N/A       56%         4
 Cause Fear               Hex            4%         N/A       56%         4
 Martyr's Knell           Necr/Summ      9%         N/A       56%         4
 Metabolic Englaciation   Hex/Ice        4%         N/A       89%         5
 Sculpt Simulacrum        Ice/Alch       4%         N/A       100%        6
 Enfeeble                 Hex            4%         N/A       100%        7
 Haunt                    Necr/Summ      4%         N/A       100%        7


Dungeon Overview and Level Annotations

Branches:
Dungeon (9/15)             Temple (1/1) D:4
   Lair: D:8-11         Orc: D:9-12

Altars:
Ashenzari
Cheibriados
Dithmenos
Fedhas
Gozag
Hepliaklqana
Kikubaaqudgha
Makhleb
Nemelex Xobeh
Okawaru
Qazlal
Ru
Sif Muna
Trog
Uskayaw
Vehumet
Wu Jian
Xom
Yredelemnul

Annotations:
D:3 3 runed translucent doors, exclusion: oklob plant, Lahburn's ghost, amateur AtFi
D:5 1 runed translucent door, Crazy Yiuf
D:6 4 runed translucent doors
D:9 Erolcha; Maurice


Innate Abilities, Weirdness & Mutations

You regenerate health from kills.
Your movements are less encumbered by armour. (ER -4)
A meltable shield of frost defends you. (SH +4)
Your touch may inflict irresistible damage on your foes.


Message History

The laughing skull headbutts you but does no damage.
The laughing skull lets out a vicious peal of laugher.
The bolt of negative energy hits you!!
You feel drained.
A lich comes into view.
The lich shouts!
Okay, then.
The laughing skull lets out a vicious peal of laugher.
The bolt of negative energy misses you.
As you read the scroll labelled QIUSEO SYIQA, it crumbles to dust.
You assume a fearsome visage.
The lich is unaffected.
The laughing skull is unaffected.
It was a scroll of fear.
The laughing skull lets out a vicious peal of laugher.
The bolt of negative energy hits you.
You feel drained. The lich barely misses you.
As you read the scroll labelled GYECUI HOTEHA, it crumbles to dust.
Wisps of shadow whirl around you...
It was a scroll of summoning.
The laughing skull headbutts you but does no damage.
The lich points at you and mumbles some strange words.
The bolt of cold hits you!!!
Ouch! That really hurt!
* * * LOW HITPOINT WARNING * * *
You feel better.
Your fire bat closely misses the laughing skull.
The laughing skull headbutts you!
* * * LOW HITPOINT WARNING * * *
Your fire bat closely misses the laughing skull.
The laughing skull closely misses you.
Your ynoxinul hits the lich!
The lich touches you but does no damage.
It was a potion of berserk rage.
A red film seems to cover your vision as you go berserk!
You feel yourself moving faster!
You feel mighty!
Your fire bat bites the laughing skull.
The laughing skull is engulfed in flames.
The laughing skull resists.
Your fire bat closely misses the laughing skull.
The laughing skull cackles spitefully.
The bolt of negative energy hits you!!
You feel drained.
You die...
The laughing skull crumbles to pieces from sheer joy.
Your body crumbles into a pile of gold.

### #
###@#.#
#.#zL# . #
b##3# . .
##..##.# .
#..#.###
##..
#.##.#..# .
## .#...##.
#####....#
#
#.#.#..##.#


You could see a lich (ally target), a laughing skull (ally target), a friendly
ynoxinul (summoned) and a friendly fire bat (summoned).

Vanquished Creatures
  Pikel (D:5)
  A manticore (D:6)
  A kobold demonologist (D:6)
  A troll (D:9)
  A hornet (D:8)
  Grinder (D:6)
  2 wyverns
  5 yaks
  4 steam dragons
  An acid dragon (D:6)
  A water moccasin (D:7)
  Duvessa (D:5)
  4 sky beasts (D:7)
  4 black bears
  An ice beast (D:6)
  3 centaurs
  An ogre (D:7)
  2 lemures (D:5)
  2 bullfrogs
  A kobold brigand (D:7)
  3 scorpions
  3 gnoll sergeants (D:9)
  10 wights
  Dowan (D:5)
  7 hounds
  3 bombardier beetles
  2 jellies (D:6)
  2 sleepcaps (D:6)
  3 iguanas
  2 orc wizards
  17 gnolls
  12 adders
  A white imp (D:4)
  2 ufetubi (D:6)
  2 dart slugs
  2 ribbon worms (D:3)
  14 orcs
  5 endoplasms
  2 giant cockroaches (D:1)
  7 goblins
  8 hobgoblins
  12 kobolds
  5 quokkas
  6 ball pythons
  5 bats
  2 frilled lizards
  5 rats
181 creatures vanquished.

Vanquished Creatures (others)
  904 foxfires
904 creatures vanquished.

Grand Total: 1085 creatures vanquished

Notes
Turn   | Place    | Note
-------+----------+-------------------------------------------
     0 | D:1      | oldriver the Demonspawn Fire Elementalist began the quest
                  | for the Orb.
     0 | D:1      | Reached XP level 1. HP: 13/13 MP: 3/3
   187 | D:1      | Gained mutation: You regenerate a little health from kills.
                  | [demonic ancestry]
   187 | D:1      | Reached XP level 2. HP: 20/20 MP: 0/5
   441 | D:1      | Reached skill level 1 in Fighting
  1545 | D:2      | Gained mutation: Your touch may inflict minor irresistible
                  | damage on your foes. [demonic ancestry]
  1545 | D:2      | Reached XP level 3. HP: 26/26 MP: 2/7
  1654 | D:2      | Reached skill level 3 in Spellcasting
  2356 | D:1      | Learned a level 2 spell: Scorch
  2481 | D:2      | Gained mutation: A meltable shield of frost defends you.
                  | (SH +4) [demonic ancestry]
  2481 | D:2      | Reached XP level 4. HP: 33/33 MP: 2/9
  2987 | D:3      | Found a runed translucent gate.
  2989 | D:3      | Found a runed translucent gate.
  2989 | D:3      | Noticed Lahburn's ghost (amateur AtFi)
  2990 | D:3      | Found a runed translucent gate.
  3422 | D:3      | Gained mutation: Your movements are slightly less
                  | encumbered by armour. (ER -2) [demonic ancestry]
  3422 | D:3      | Reached XP level 5. HP: 38/38 MP: 5/10
  4466 | D:4      | Reached skill level 4 in Spellcasting
  4965 | D:3      | Identified the +2 leather armour "Fionk" {SInv}
  5083 | D:3      | Found a blossoming altar of Fedhas.
  5097 | D:3      | Noticed an oklob plant
  5217 | D:4      | Found a staircase to the Ecumenical Temple.
  5505 | Temple   | Entered the Ecumenical Temple
  5538 | D:5      | Entered Level 5 of the Dungeon
  5704 | D:5      | Noticed a lemure
  5711 | D:5      | Killed a lemure
  5711 | D:5      | Noticed a lemure
  5711 | D:5      | Noticed a lemure
  5794 | D:4      | Learned a level 4 spell: Flame Wave
  5853 | D:5      | Noticed a lemure
  5865 | D:5      | Killed a lemure
  5985 | D:5      | Gained mutation: Your movements are less encumbered by
                  | armour. (ER -4) [demonic ancestry]
  5985 | D:5      | Reached XP level 6. HP: 46/46 MP: 6/12
  5986 | D:5      | Noticed Pikel
  6354 | D:5      | Noticed Duvessa
  6354 | D:5      | Noticed Dowan
  6367 | D:5      | Killed Duvessa
  6368 | D:5      | Gained mutation: You regenerate health from kills. [demonic
                  | ancestry]
  6368 | D:5      | Reached XP level 7. HP: 42/52 MP: 9/14
  6368 | D:5      | Killed Dowan
  6369 | D:5      | Reached skill level 5 in Spellcasting
  6481 | D:5      | Paralysed by Pikel for 3 turns
  6486 | D:5      | Killed Pikel
  6487 | D:5      | Gained mutation: Your touch may inflict irresistible damage
                  | on your foes. [demonic ancestry]
  6487 | D:5      | Reached XP level 8. HP: 32/60 MP: 1/16
  6652 | D:5      | Found a runed translucent door.
  6653 | D:5      | Noticed Crazy Yiuf
  7226 | D:5      | Reached skill level 6 in Spellcasting
  7359 | D:6      | Noticed Grinder
  7408 | D:6      | Killed Grinder
  7555 | D:6      | Reached skill level 5 in Fire Magic
  7724 | D:6      | Found a large runed translucent door.
  7727 | D:6      | Found a large runed translucent door.
  7809 | D:6      | Noticed a troll
  7827 | D:6      | Found a large runed translucent door.
  7827 | D:6      | Found a large runed translucent door.
  8158 | D:6      | Reached skill level 7 in Spellcasting
  8320 | D:6      | Reached skill level 5 in Fighting
  8320 | D:6      | Reached skill level 5 in Conjurations
  8392 | D:6      | Noticed a kobold demonologist
  8502 | D:5      | Reached XP level 9. HP: 67/68 MP: 7/19
  8839 | D:6      | Found a burning altar of Makhleb.
  8841 | D:6      | Found a basalt altar of Yredelemnul.
  8843 | D:6      | Found a bloodstained altar of Trog.
  8845 | D:6      | Found an ornate altar of the Wu Jian Council.
  8846 | D:6      | Found a shimmering altar of Xom.
  9364 | D:6      | Killed a kobold demonologist
  9493 | D:7      | Noticed a manticore
  9495 | D:7      | Reached skill level 8 in Spellcasting
  9509 | D:6      | Killed a manticore
  9638 | D:7      | You fall into a shaft and drop 2 floors!
 10374 | D:7      | Reached XP level 10. HP: 64/77 MP: 10/22
 10568 | D:7      | Reached skill level 9 in Spellcasting
 10698 | D:7      | Identified the +2 helmet of the Curupira {rElec Regen+
                  | Slay-6}
 10798 | D:7      | Found an opulent altar of Gozag.
 10855 | D:7      | Got the Excursus on Diablerie and the Traveller
 11145 | D:7      | Became a worshipper of Gozag Ym Sagoz the Greedy
 12725 | D:9      | Noticed Maurice
 13160 | D:9      | Noticed Erolcha
 13167 | Abyss:2  | Cast into level 2 of the Abyss (Erolcha)
 13198 | Abyss:2  | Noticed a large abomination
 13219 | Abyss:2  | Noticed a purple draconian shifter
 13227 | Abyss:2  | Noticed a lich
 13232 | Abyss:2  | Killed from afar by a laughing skull

Illustrated notes

Levels and vault maps discovered:
D:1:      lemuel_arrival_lava_pool, layout_basic, minmay_fountain_box
D:2:      layout_rooms
D:3:      layout_loops_cross, tgw_fedhas, biasface_ghost_orc_armoury
D:4:      layout_loops_ring, minmay_temple_entry_wispy
D:5:      layout_cave_pools, uniq_duvessa, uniq_crazy_yiuf_cottage, uniq_pikel
D:6:      layout_loops_cross, minitemple, minmay_hollow_rounded_squares,
          uniq_grinder
D:7:      layout_basic, mainiacjoe_overflow_brackets, hangedman_misty_isle
D:8:      layout_basic
D:9:      minmay_the_grid_triangle_9x9_rhombus_thin
          [minmay_the_grid_triangle_9x9_alien,
          minmay_the_grid_triangle_9x9_prize_insulated,
          minmay_the_grid_triangle_9x9_intruding_spiral,
          minmay_the_grid_triangle_9x9_checkered], layout_rooms,
          dilly_guarded_unrand_devastator, uniq_maurice, uniq_erolcha
Temple:   hellmonk_temple_of_storms
Abyss:2:  base:
D:5

Skill      XL: |  1  2  3  4  5  6  7  8  9 10 |
---------------+-------------------------------+-----
Fighting       | 1 2 3 4 5 6 7 |  7.1
Spellcasting   | 3 4 5 7 8 9 |  9.7
Fire Magic     | 3 4 5 6 |  6.9
Conjurations   | 2 3 5 6 7 |  7.0
Dodging        | 2 3 |  3.0
Stealth        | 2 3 |  3.0

Action                     |  1- 3 |  4- 6 |  7- 9 | 10-12 || total
---------------------------+-------+-------+-------+-------++-------
  Melee: Dagger            |     1 |    23 |     6 |       ||    30
         Touch             |       |     3 |     1 |     1 ||     5
         Whip              |       |       |     1 |    14 ||    15
   Cast: Foxfire           |   135 |   190 |   129 |   122 ||   576
         Scorch            |     2 |    28 |    74 |    41 ||   145
         Flame Wave        |       |       |     7 |     6 ||    13
    Use: Scroll            |     4 |     4 |     2 |     5 ||    15
         Potion            |       |     1 |       |     6 ||     7
 Armour: Robe              |     8 |     6 |       |       ||    14
         Leather armour    |       |     8 |    42 |       ||    50
         Acid dragon scale |       |       |    21 |    35 ||    56
         Skin              |       |       |       |    26 ||    26
  Dodge: Dodged            |    16 |    17 |    47 |    38 ||   118
  Block: Other             |       |     3 |    10 |    15 ||    28

Table legend: (Time is in decaauts)
 A = Elapsed time spent in this place.
 B = Non-inter-level travel time spent in this place.
 C = Inter-level travel time spent in this place.
 D = Time resting spent in this place.
 E = Time spent auto-exploring this place.
 F = Levels seen in this place.
 G = Mean time per level.
                   A        B        C        D        E       F      G
               +--------+--------+--------+--------+--------+-----+--------+
         Total |  13256 |  12508 |    748 |   2288 |   8216 |  11 | 1205.1 |
       Dungeon |  13185 |  12438 |    747 |   2288 |   8216 |   9 | 1465.0 |
        Temple |      5 |      5 |      0 |      0 |      0 |   1 |    5.0 |
         Abyss |     64 |     64 |      0 |      0 |      0 |   1 |   64.0 |
               +--------+--------+--------+--------+--------+-----+--------+

Top non-repeatable levels by time:
     D:6: 2484 daAuts
     D:3: 1695 daAuts
     D:1: 1637 daAuts
     D:4: 1548 daAuts
     D:8: 1411 daAuts
     D:5: 1389 daAuts
     D:7: 1291 daAuts
     D:2: 1145 daAuts
     D:9: 581 daAuts
 Abyss:2: 64 daAuts
  Temple: 5 daAuts
